AoeStats
← CENITRO

Arabia

510126844Analyzed
1v1 RM · 2d ago on Sep 29, 2026· 93m 16s· 2 players
Game mode
Random Map
Map size
Tiny (2 player)
Population
200
Speed
Normal
Resources
Standard
Victory
Conquest
Starting age
Dark Age
Ending age
Imperial Age
RankedLock teamsTeams togetherTeam positionsShared explorationLock speedFull tech treeHidden civsTurbo modeCheats
Victory
Defeat
🇪🇸 Franks · Spain
705
+17
🇵🇪 Maya · Peru
735
-17
tHe ChArLyEr
5:17 Loom
10:06 Feudal Age
11:29 Double-Bit Axe
13:02 Man-at-Arms
24:29 Town Watch
27:14 Castle Age
25:13 Gold Mining
26:32 Padded Archer Armor
26:23 Fletching
28:41 Bow Saw
31:08 Crossbowman
37:20 Imperial Age
35:57 Wheelbarrow
35:54 Fletching
36:05 Padded Archer Armor
40:36 Conscription
40:55 Husbandry
42:11 Gold Shaft Mining
41:27 Stone Mining
42:30 Hoardings
41:34 Light Cavalry
44:43 Elite Skirmisher
46:15 Leather Archer Armor
45:55 Bodkin Arrow
47:51 Chemistry
47:12 Ballistics
50:07 Cranequins
50:08 Heavy Mounted Crossbowman
53:40 Cavalier
54:33 Chivalry
64:02 Forging
63:58 Scale Barding Armor
75:54 Hand Cart
78:01 Town Patrol
91:37 Iron Casting
91:23 Chain Barding Armor
91:04 Scale Mail Armor
CENITRO
11:29 Feudal Age
11:41 Man-at-Arms
12:15 Double-Bit Axe
14:28 Arson
15:27 Scale Mail Armor
15:27 Padded Archer Armor
15:18 Fletching
15:40 Fletching
19:35 Forging
20:35 Horse Collar
25:37 Castle Age
23:42 Stone Mining
23:48 Gold Mining
26:57 Wheelbarrow
27:07 Bow Saw
26:59 Heavy Plow
27:37 Stone Shaft Mining
26:36 Pikeman
28:19 Loom
28:30 Loom
32:59 Squires
35:14 Ballistics
35:44 Leather Archer Armor
35:25 Bodkin Arrow
36:05 Iron Casting
35:51 Eagle Warrior
37:39 Hand Cart
39:26 Elite Skirmisher
42:41 Imperial Age
41:05 Chain Mail Armor
41:28 Masonry
43:36 Capped Ram
45:37 Hul'che Javelineers
46:01 Conscription
45:05 Siege Ram
47:43 Architecture
53:35 Crop Rotation
53:48 Halberdier
56:10 Elite Plumed Archer
58:48 Ring Archer Armor
61:56 Elite Eagle Warrior
Connection lost

Rejoining the realm…

Still unreachable

The connection could not be restored.

Session expired

The server has moved on; the page needs a fresh start.